 Dungeon Crawl Stone Soup version 0.29.1-12-g30fa7ad0bf (webtiles) character file.

Game seed: 11106947264130873264

88 EarthwalkerPL the Covered (level 4, -8/41 HPs)
             Began as a Minotaur Fighter on Dec 23, 2022.
             Killed by divine providence
             ... invoked by an orc priest
              (13 damage)
             ... on level 3 of the Dungeon.
             The game lasted 00:02:43 (1839 turns).

EarthwalkerPL the Covered (Minotaur Fighter)        Turns: 1839, Time: 00:02:44

Health: -8/41      AC:  7    Str: 22    XL:     4   Next: 30%
Magic:  3/3        EV:  9    Int:  5    God:
Gold:   94         SH:  4    Dex: 10    Spells: 3/3 levels left

rFire   . . .      SeeInvis .   a - +0 war axe
rCold   . . .      Faith    .   c - +0 buckler
rNeg    . . .      Spirit   .   b - +0 scale mail
rPois   .          Reflect  .   (helmet restricted)
rElec   .          Harm     .   (no cloak)
rCorr   .          Rampage  .   (no gloves)
Will    .....                   (no boots)
Stlth   ..........              (no amulet)
HPRegen 0.13/turn               (no ring)
MPRegen 0.08/turn               (no ring)

@: no status effects
A: horns 2, retaliatory headbutt
a: no special abilities


You were on level 3 of the Dungeon.
You visited 1 branch of the dungeon, and saw 3 of its levels.

You collected 94 gold pieces.

Inventory:

Hand Weapons
 a - a +0 war axe (weapon)
Armour
 b - a +0 scale mail (worn)
 c - a +0 buckler (worn)
Jewellery
 n - a ring of ice
Scrolls
 f - 3 scrolls of teleportation {unknown}
 g - 3 scrolls of identify {unknown}
 h - a scroll of magic mapping {unknown}
 i - a scroll of brand weapon {unknown}
 j - a scroll of vulnerability {unknown}
 k - 2 scrolls of immolation {unknown}
 q - a scroll of fear {unknown}
Potions
 d - 3 potions of might
 e - a potion of lignification {unknown}
 l - 2 potions of cancellation {unknown}
 m - 2 potions of curing {unknown}
 o - a potion of brilliance {unknown}
 p - a potion of heal wounds {unknown}
 r - a potion of haste {unknown}


   Skills:
 * Level 4.4 Fighting
 * Level 3.6 Axes
 * Level 4.6 Armour
 + Level 4.0 Shields


You had 3 spell levels left.
You didn't know any spells.
Your spell library contained the following spells:

 Spells                   Type           Power      Damage    Failure   Level
 Static Discharge         Conj/Air       0%         3-3/arc   95%         2
 Dispel Undead            Necr           0%         3d6       100%        4
 Olgreb's Toxic Radiance  Pois           0%         N/A       100%        4
 Sticky Flame             Conj/Fire      0%         2d3       100%        4
 Ozocubu's Refrigeration  Ice            0%         4d7       100%        7
 Ignition                 Fire           0%         3d3       100%        8


Dungeon Overview and Level Annotations

Branches:
Dungeon (3/15)

Altars:
Xom


Innate Abilities, Weirdness & Mutations

You have a pair of horns on your head.
You reflexively headbutt those who attack you in melee.


Message History

You closely miss the bat. The bat misses you. You furiously retaliate!
You headbutt the bat!
You kill the bat!
No target in view!
An orc priest comes into view. It is wielding a +0 flail.
The orc priest shouts!
You hear a shout!
An orc comes into view. It is wielding a +0 club.
An orc comes into view. It is wielding a +0 short sword.
The orc shouts!
The orc priest mumbles some strange prayers to Beogh against you.
Beogh smites you!
You hear a shout!
You slash the orc!
You kill the orc!
You hear the slow rusting of a drain very nearby.
You closely miss the orc priest.
The orc priest hits you but does no damage.
An orc comes into view. It is wielding a +0 short sword.
The orc priest invokes the aid of Beogh against you.
Beogh smites you!
* * * LOW HITPOINT WARNING * * *
You are too injured to fight recklessly!
Unknown command.
You are too injured to fight recklessly!
The orc hits you but does no damage.
The orc priest invokes the aid of Beogh against you.
Beogh smites you!
* * * LOW HITPOINT WARNING * * *
You see here a +0 club.
You hit the orc priest but do no damage.
You barely miss the orc. The orc priest barely misses you.
The orc closely misses you.
You barely miss the orc priest. You headbutt the orc priest!
The orc priest is heavily wounded.
You slash the orc!
You kill the orc!
You closely miss the orc.
The orc priest invokes the aid of Beogh against you.
Beogh smites you!
You die...

##### ...# #.########
.. ###..#.....# ...
#..........# ...
#..........#
...#####..........#
#..............).######
#......####...o@.......
#......# #....o.......
#......# ##.###.......
#......# #.. .....##
##......## ##.. .....#
.........# .....#
##.......# ######
#.......# #.......#


You could see an orc priest and an orc.

Vanquished Creatures
  3 adders (D:2)
  An ufetubus (D:2)
  3 dart slugs
  2 orcs (D:3)
  7 ball pythons
  7 bats
  2 endoplasms
  2 giant cockroaches
  5 goblins
  4 hobgoblins
  6 kobolds
  4 frilled lizards
  4 rats
50 creatures vanquished.

Notes
Turn   | Place    | Note
-------+----------+-------------------------------------------
     0 | D:1      | EarthwalkerPL the Minotaur Fighter began the quest for the
                  | Orb.
     0 | D:1      | Reached XP level 1. HP: 19/19 MP: 0/0
   121 | D:1      | Reached XP level 2. HP: 24/27 MP: 1/1
   678 | D:1      | Reached XP level 3. HP: 30/33 MP: 2/2
  1161 | D:2      | Found a shimmering altar of Xom.
  1330 | D:2      | Reached XP level 4. HP: 40/41 MP: 3/3
  1839 | D:3      | Killed from afar by an orc priest

Illustrated notes

Levels and vault maps discovered:
D:1:      lightli_arrival_flooded_house, layout_rooms
D:2:      layout_basic, basic_altar
D:3:      layout_basic, minitemple, basic_ecumenical_altar, gup_sewer_entry_bowl

Skill      XL: |  1  2  3 |
---------------+----------+-----
Armour         | 4 |  4.6
Fighting       | 4 |  4.4
Axes           | 3 |  3.6
Shields        | 4 |  4.0

Action                   |  1- 3 |  4- 6 || total
-------------------------+-------+-------++-------
Melee: War axe           |    93 |    20 ||   113
       Headbutt          |     7 |     4 ||    11
Armor: Scale mail        |    51 |    12 ||    63
Dodge: Dodged            |    50 |     7 ||    57
Block: Buckler           |    23 |     8 ||    31
